 Dungeon Crawl Stone Soup version 0.27-a0-1595-g0b823d0a13 (webtiles) character file.

Game seed: 10530501589443285128

160 duskshroud the Chucker (level 5, -2/48 HPs)
             Began as a Troll Hunter on July 20, 2021.
             Was an Initiate of Okawaru.
             Slain by Duvessa (7 damage)
             ... on level 4 of the Dungeon.
             The game lasted 00:07:01 (2508 turns).

duskshroud the Chucker (Troll Hunter)               Turns: 2508, Time: 00:07:02

Health: -2/48      AC:  5    Str: 20    XL:     5   Next: 17%
Magic:  4/4        EV:  9    Int: 13    God:    Okawaru [......]
Gold:   147        SH:  0    Dex: 11    Spells: 4/4 levels left

rFire    . . .     SeeInvis .     - Unarmed
rCold    . . .     Faith    .   (no shield)
rNeg     . . .     Spirit   .   b - +0 robe
rPois    .         Reflect  .   (helmet restricted)
rElec    .         Harm     .   e - +0 cloak
rCorr    .         Rampage  .   (gloves unavailable)
Will     .....                  (boots unavailable)
Stlth    +.........             (no amulet)
HPRegen  1.16/turn              k - +6 ring of intelligence
MPRegen  0.09/turn              (no ring)

@: no status effects
A: large, unfitting armour, claws 3, regeneration 1, shaggy fur 1, tough skin 1
a: Renounce Religion


You were on level 4 of the Dungeon.
You worshipped Okawaru.
Okawaru was noncommittal.
You visited 1 branch of the dungeon, and saw 4 of its levels.

You collected 147 gold pieces.

Inventory:

Hand Weapons
 m - a +4 flail
Missiles
 c - a large rock (quivered)
 d - 2 throwing nets
 g - 2 curare-tipped darts
 p - 5 javelins
Armour
 b - a +0 robe (worn)
 e - a +0 cloak (worn)
Jewellery
 k - a +6 ring of intelligence (left claw)
Scrolls
 a - a scroll of acquirement {unknown}
 f - 2 scrolls of identify {unknown}
 i - 6 scrolls of teleportation {unknown}
 j - a scroll of magic mapping {unknown}
 n - a scroll of blinking {unknown}
 o - a scroll of silence {unknown}
 q - a scroll of enchant armour {unknown}
Potions
 h - a potion of attraction {unknown}
 l - a potion of curing {unknown}
 r - a potion of resistance {unknown}


   Skills:
 - Level 1.5 Fighting
 + Level 4.9 Throwing
 - Level 1.5 Dodging
 - Level 0.3 Stealth
 + Level 3.3 Unarmed Combat


You had 4 spell levels left.
You didn't know any spells.
Your spell library contained the following spells:

 Spells                   Type           Power      Damage    Failure   Level
 Beastly Appendage        Tmut           0%         N/A       30%         1
 Wereblood                Tmut           0%         N/A       43%         2
 Spider Form              Tmut/Pois      0%         N/A       67%         3


Dungeon Overview and Level Annotations

Branches:
Dungeon (4/15)
 Temple: D:4-7

Altars:
Okawaru
Sif Muna

Annotations:
D:4 Dowan, Duvessa, Grinder


Innate Abilities, Weirdness & Mutations

You are too large for most types of armour.
You have claws for hands.
Your natural rate of healing is unusually fast.
You are covered in fur. (AC +1)
You have tough skin. (AC +1)


Message History

You resist with significant effort.
Throw: 2 large rocks
Press: ? - help, Q - select action, (/) - cycle Shift-Dir - straight line, f - Duvessa, p - Grinder
Aim: Duvessa, wielding a +1 short sword of speed and wearing a +0 leather armour (61% to hit)
You throw a large rock.
The large rock hits Grinder but does no damage.
Grinder is severely wounded.
Grinder gestures at you. Pain shoots through your body!
Grinder blinks!
You barely miss Duvessa. Grinder gestures at you.
You resist with significant effort.
Duvessa hits you with a +1 short sword of speed.
You barely miss Duvessa. Duvessa barely misses you.
You scratch Duvessa but do no damage. Duvessa barely misses you.
Dowan hits you with a +0 dagger.
Duvessa hits you with a +1 short sword of speed.
You closely miss Duvessa. Dowan hits you with a +0 dagger.
Duvessa hits you but does no damage.
Duvessa hits you with a +1 short sword of speed!
* * * LOW HITPOINT WARNING * * *
You claw Duvessa!
Duvessa is moderately wounded.
Dowan points at Duvessa and mumbles some strange words.
Duvessa seems to speed up.
Grinder blinks!
A necrophage comes into view.
Duvessa hits you with a +1 short sword of speed!
* * * LOW HITPOINT WARNING * * *
Grinder rolls her eyes.
Duvessa hits you with a +1 short sword of speed.
* * * LOW HITPOINT WARNING * * *
Dowan casts a spell.
Dowan blinks!
Grinder gestures at you. Pain shoots through your body!
* * * LOW HITPOINT WARNING * * *
Duvessa hits you with a +1 short sword of speed.
* * * LOW HITPOINT WARNING * * *
Duvessa hits you with a +1 short sword of speed!
You die...

.......##...#
.>..♣.......#######
.......##.........#
####..##....#####.#
#.##.....# #.# .##..#
#.######## #.#
....#### #.## #.#
....... ##...## ##.##
..... ##.....## #@#.#
#...# # ..)..... ###
##e.# ...#.## .......
#....##.######.#...###
.>.♣.♣.♣.♣
♣.......§.e(n.(.((..
..........
.....##.##.###.#...###
#.<♣.♣.♣# ♣#♣. #5#♣♣♣
♣♣# .## ##.....# #.
#.♣ # ###...## # ..♣
#+## .#♣


You could see Duvessa (fast).

Vanquished Creatures
  A hound (D:4)
  A hound skeleton (D:4)
  4 gnolls (D:2)
  2 adders
  A worm (D:2)
  2 dart slugs
  3 endoplasms
  4 goblins
  4 hobgoblins
  10 jackals
  4 quokkas
  5 ball pythons
  3 bats (D:2)
  3 frilled lizards
  6 kobolds
  5 rats
58 creatures vanquished.

Notes
Turn   | Place    | Note
-------+----------+-------------------------------------------
     0 | D:1      | duskshroud the Troll Hunter began the quest for the Orb.
     0 | D:1      | Reached XP level 1. HP: 19/19 MP: 0/0
    86 | D:1      | Found a faded altar of an unknown god.
   223 | D:1      | Reached skill level 1 in Unarmed Combat
   235 | D:1      | Reached XP level 2. HP: 27/27 MP: 1/1
   392 | D:1      | Reached skill level 4 in Throwing
   528 | D:1      | Reached XP level 3. HP: 33/33 MP: 2/2
  1441 | D:2      | Reached XP level 4. HP: 28/41 MP: 3/3
  2191 | D:3      | Found an iron altar of Okawaru.
  2202 | D:3      | Became a worshipper of Warmaster Okawaru
  2244 | D:3      | Found a shimmering blue altar of Sif Muna.
  2472 | D:4      | Noticed Grinder
  2485 | D:4      | Reached XP level 5. HP: 29/48 MP: 4/4
  2496 | D:4      | Noticed Duvessa
  2498 | D:4      | Noticed Dowan
  2504 | D:4      | Noticed a necrophage
  2508 | D:4      | Slain by Duvessa

Illustrated notes

Levels and vault maps discovered:
D:1:      co_arrival_random_square_maze, layout_basic,
          ebering_ecumenical_altar_webs
D:2:      layout_loops_ring, minmay_misc_feat_rugged
D:3:      layout_rooms, kennysheep_okawaru_gauntlet, lemuel_doored_altar
D:4:      minmay_opposing_rooms, layout_loops_corners, serial_forest,
          infiniplex_forest_straight_3, infiniplex_forest_straight_2,
          infiniplex_forest_clump_small, infiniplex_forest_lined_2,
          infiniplex_forest_lined_room_2, infiniplex_forest_lined_3,
          infiniplex_forest_end_double, infiniplex_forest_3_way,
          infiniplex_forest_end_3, infiniplex_forest_straight_1,
          grunt_ministairs_15, uniq_natasha, uniq_duvessa, uniq_grinder

Skill      XL: |  1  2  3  4 |
---------------+-------------+-----
Unarmed Combat | 1 2 3 |  3.3
Throwing       | 4 |  4.9
Fighting       | |  1.5
Dodging        | |  1.5
Stealth        | |  0.3

Action                   |  1- 3 |  4- 6 || total
-------------------------+-------+-------++-------
Melee: Unarmed           |   110 |    47 ||   157
       Punch             |     1 |       ||     1
Throw: Large rock        |     2 |     4 ||     6
       Dart              |       |     7 ||     7
Armor: Robe              |    42 |    18 ||    60
Dodge: Dodged            |    43 |    21 ||    64

Table legend: (Time is in decaauts)
 A = Elapsed time spent in this place.
 B = Non-inter-level travel time spent in this place.
 C = Inter-level travel time spent in this place.
 D = Time resting spent in this place.
 E = Time spent auto-exploring this place.
 F = Levels seen in this place.
 G = Mean time per level.
                   A        B        C        D        E       F      G
               +--------+--------+--------+--------+--------+-----+--------+
         Total |   2504 |   2381 |    123 |      0 |   1951 |   4 |  626.0 |
       Dungeon |   2504 |   2381 |    123 |      0 |   1951 |   4 |  626.0 |
               +--------+--------+--------+--------+--------+-----+--------+

Top non-repeatable levels by time:
     D:1: 1110 daAuts
     D:2: 816 daAuts
     D:3: 465 daAuts
     D:4: 112 daAuts
